 Dungeon Crawl Stone Soup version 0.26.1-11-gd32895ea62 (webtiles) character file.

Game seed: 5647874095749952323

7022 promet the Grappler (level 10, -16/100 HPs)
             Began as a Troll Monk on May 27, 2021.
             Was a High Priest of Wu Jian.
             Killed from afar by Erica (18 damage)
             ... with a bolt of poison
             ... on level 10 of the Dungeon.
             The game lasted 01:17:44 (9891 turns).

promet the Grappler (Troll Monk)                    Turns: 9891, Time: 01:17:45

Health: -16/100    AC:  8    Str: 23    XL:     10   Next: 82%
Magic:  9/9        EV: 27    Int: 16    God:    Wu Jian [*****.]
Gold:   566        SH:  0    Dex: 13    Spells: 5/9 levels left

rFire    . . .     SeeInvis .     - Unarmed
rCold    x . .     Faith    .   (no shield)
rNeg     . . .     Spirit   .   M - +1 robe
rPois    .         Reflect  .   (helmet restricted)
rElec    +         Harm     .   O - +0 cloak
rCorr    .         Rampage  .   (gloves unavailable)
Will     .....                  (boots unavailable)
Stlth    ++++......             R - amulet of the acrobat
HPRegen  0.66/turn              j - ring of stealth
MPRegen  0.11/turn              B - ring of Komiat {Wiz *Drain +Fly rElec rC- Int+8}

@: lethally poisoned (-16 -> -22), acrobat, hasted and slowed
A: large, unfitting armour, claws 3, horns 1, talons 1, regeneration 1, shaggy
fur 1, strong 1, tough skin 3, evolution 1
a: Renounce Religion, Evoke Flight, Wall Jump, Serpent's Lash, Heavenly Storm


You were on level 10 of the Dungeon.
You worshipped Wu Jian.
Wu Jian was extremely pleased with you.
You visited 1 branch of the dungeon, and saw 10 of its levels.
You also visited: Sewer.

You collected 747 gold pieces.
You spent 181 gold pieces at shops.

Inventory:

Hand Weapons
 a - a +0 hand crossbow
 c - a +0 spear
 e - a +0 short sword of venom
 h - a +4 dagger of freezing
 i - a +1 hand axe of electrocution
 l - a +0 rapier
 n - a +0 morningstar
 t - a +0 giant spiked club of protection
 z - a +0 lajatang
 D - a cursed -3 hunting sling
 F - a +4 long sword
 L - a +0 shortbow
 N - a +0 battleaxe
 P - a +0 great sword of flaming
 Q - a +0 broad axe
Missiles
 b - 262 arrows
 f - 221 stones
 g - 64 bolts
 k - 112 sling bullets
 u - a silver javelin (quivered)
 G - 2 throwing nets
 K - 15 poisoned darts
Armour
 M - a +1 robe (worn)
 O - a +0 cloak (worn)
Jewellery
 j - a ring of stealth (left claw)
 B - the ring of Komiat (right claw) {Wiz *Drain +Fly rElec rC- Int+8}
   (You found it on level 6 of the Dungeon)

   [ring of wizardry]

   It improves your spell success rate.
   It affects your intelligence (+8).
   It makes you vulnerable to cold.
   It insulates you from electricity.
   It lets you fly.
   It causes draining when unequipped.
 I - an uncursed amulet of regeneration
 R - an amulet of the acrobat (around neck)
Wands
 r - a wand of digging (11)
 s - a wand of paralysis (6)
 w - a wand of acid (9)
 y - a wand of iceblast (8)
 C - a wand of flame (4)
 J - a wand of random effects (17)
Scrolls
 d - 2 scrolls of random uselessness
 m - 6 scrolls of identify
 v - a scroll of teleportation
 x - 2 scrolls of fear
 A - 2 scrolls of blinking
 E - 3 scrolls of remove curse
 H - 2 scrolls of magic mapping
Potions
 o - 3 potions of ambrosia
 p - 3 potions of curing


   Skills:
 * Level 6.9 Fighting
 + Level 0.6 Maces & Flails
 + Level 1.7 Crossbows
 + Level 3.6 Throwing
 + Level 5.2 Dodging
 + Level 4.3 Stealth
 + Level 11.1 Unarmed Combat
 + Level 0.1 Evocations


You had 5 spell levels left.
You knew the following spells:

 Your Spells              Type           Power        Failure   Level
a - Corona                Hex            0%           11%         1
b - Apportation           Tloc           0%           11%         1
c - Summon Small Mammal   Summ           0%           11%         1
d - Animate Skeleton      Necr           0%           11%         1

Your spell library contained the following spells:

 Spells                   Type           Power        Failure   Level
 Slow                     Hex            0%           16%         2
 Inner Flame              Hex/Fire       0%           28%         3
 Portal Projectile        Hex/Tloc       0%           28%         3
 Cause Fear               Hex            0%           65%         4
 Leda's Liquefaction      Hex/Erth       0%           65%         4


Dungeon Overview and Level Annotations

Branches:
Dungeon (10/15)            Temple (0/1) D:5            Lair (0/6) D:8
  Sewer (visited)
    Orc: D:9-12

Altars:
Dithmenos
Gozag
Hepliaklqana
Makhleb
Nemelex Xobeh
Sif Muna
Wu Jian
Xom
Zin
The Shining One

Shops:
D:5 ?

Annotations:
D:5 2 transporters, Zeld's ghost, novice MiBe
D:10 Erica


Innate Abilities, Weirdness & Mutations

You are too large for most types of armour.
You have claws for hands.
Your natural rate of healing is unusually fast.
You are covered in fur. (AC +1)
You have extremely tough skin. (AC +3)
You have a pair of small horns on your head.
You have sharp toenails.
Your muscles are strong. (Str +2)
You evolve.


Message History

You miss something. You claw something!
You feel sick.
The sky beast flickers out of sight!
You bump into the rock wall.
You feel sick. Something hits you but does no damage.
You bump into the rock wall.
You feel sick.
You hear some strange, mumbled words.
You feel as though you will be slow longer.
You bump into the rock wall.
You feel less invigorated.
You feel less confused.
You feel sick.
You hear some strange, mumbled words.
A lance of force appears from out of thin air!
The lance of force hits you!!
* * * LOW HITPOINT WARNING * * *
You are knocked back by the lance of force.
You hear some strange, mumbled words.
A bolt of poison appears from out of thin air!
The bolt of poison hits you!!
You are lethally poisoned!
You die...

## #. #Y #. #. ########
####.#.###......# #####
..(.....{{....@.#######...#
####....##.##.............#
#.......##.#.#.#####...#
#.#..#####.#..........##
#.#..# #.###.#####..# #
#.@# #..†<.#####..######
#... #######.[.......?..
#.#. ####.####)#####.
##.>..####.###


There were no monsters in sight!

Vanquished Creatures
  3 two-headed ogres
  Maurice (D:8)
  A troll (D:7)
  Grinder (D:4)
  Menkaure (D:6)
  A water moccasin (Sewer)
  An orc warrior (D:7)
  A phantom (D:6)
  An ice beast (D:7)
  4 centaurs
  5 ogres
  5 bullfrogs
  8 scorpions
  2 wyvern skeletons
  10 killer bees
  A water moccasin skeleton (D:5)
  4 wights (D:6)
  5 howler monkeys
  2 centaur zombies
  A quasit (D:6)
  2 bullfrog zombies
  4 hounds
  A jelly (D:7)
  2 orc wizards (D:7)
  5 bullfrog skeletons
  7 orc priests
  2 centaur skeletons
  3 iguanas
  6 worker ants
  A hound zombie (D:7)
  A hound skeleton (D:8)
  4 worker ant zombies
  5 river rats (D:3)
  21 adders
  4 shadow imps
  2 white imps (D:5)
  3 ufetubi
  2 oozes
  An adder zombie (D:5)
  7 worms
  2 dart slugs
  4 leopard geckos
  28 orcs
  15 bats
  3 giant cockroaches
  11 goblins
  5 hobgoblins
  11 jackals
  4 kobolds
  4 quokkas
  2 ball pythons
  8 frilled lizards
  2 leopard gecko skeletons
  A quokka skeleton (D:5)
  6 rats
247 creatures vanquished.

Vanquished Creatures (others)
  14 fungi
14 creatures vanquished.

Grand Total: 261 creatures vanquished

Notes
Turn   | Place    | Note
-------+----------+-------------------------------------------
     0 | D:1      | promet the Troll Monk began the quest for the Orb.
     0 | D:1      | Reached XP level 1. HP: 22/22 MP: 0/0
   152 | D:1      | Reached XP level 2. HP: 29/29 MP: 1/1
   551 | D:1      | Gained mutation: You have sharp toenails. [potion of
                  | mutation]
   551 | D:1      | Gained mutation: You evolve. [potion of mutation]
   885 | D:2      | Reached XP level 3. HP: 31/37 MP: 2/2
  1117 | D:2      | Reached XP level 4. HP: 45/45 MP: 3/3
  1722 | D:3      | Reached skill level 4 in Unarmed Combat
  1803 | D:3      | Reached XP level 5. HP: 49/53 MP: 4/4
  2282 | D:3      | Found an ornate altar of the Wu Jian Council.
  2291 | D:3      | Became a worshipper of the Wu Jian Council
  2291 | D:3      | Reached * piety under Wu Jian
  2291 | D:3      | Reached ** piety under Wu Jian
  2368 | D:3      | Found a glowing drain.
  2383 | Sewer    | Entered a sewer
  2417 | Sewer    | Noticed a water moccasin
  2428 | Sewer    | Killed a water moccasin
  2429 | Sewer    | Reached skill level 5 in Unarmed Combat
  2429 | Sewer    | Reached XP level 6. HP: 46/62 MP: 5/5
  2957 | D:4      | Noticed Grinder
  2966 | D:4      | Killed Grinder
  2967 | D:4      | Reached XP level 7. HP: 70/70 MP: 6/6
  3037 | D:4      | Reached skill level 6 in Unarmed Combat
  3288 | D:4      | Reached *** piety under Wu Jian
  3648 | D:4      | Reached XP level 8. HP: 79/79 MP: 7/7
  3737 | D:5      | Entered Level 5 of the Dungeon
  3741 | D:5      | Found a transporter.
  3749 | D:5      | Noticed Zeld's ghost (novice MiBe)
  3763 | D:5      | Reached skill level 1 in Throwing
  3835 | D:5      | Found a transporter.
  3898 | D:5      | Found a staircase to the Ecumenical Temple.
  4017 | D:5      | Reached skill level 7 in Unarmed Combat
  4139 | D:5      | Found Nutrifut's Magic Scroll Shop.
  4148 | D:5      | Bought a scroll of blinking for 97 gold pieces
  4148 | D:5      | Bought a scroll of teleportation for 39 gold pieces
  4148 | D:5      | Bought a scroll of fear for 45 gold pieces
  4305 | D:5      | Found a glowing golden altar of the Shining One.
  4334 | D:5      | Found a glowing silver altar of Zin.
  4334 | D:5      | Noticed an angel
  4586 | D:6      | Found a sparkling altar of Nemelex Xobeh.
  4596 | D:6      | Got a twitching ivory ring
  4604 | D:6      | Identified the ring of Komiat {Wiz *Drain +Fly rElec rC-
                  | Int+8} (You found it on level 6 of the Dungeon)
  4738 | D:6      | Reached **** piety under Wu Jian
  4849 | D:6      | Reached skill level 5 in Fighting
  4885 | D:6      | Noticed Menkaure
  4893 | D:6      | Killed Menkaure
  5018 | D:6      | Learned a level 1 spell: Corona
  5040 | D:6      | Reached skill level 8 in Unarmed Combat
  5086 | D:6      | Reached XP level 9. HP: 88/88 MP: 8/8
  5679 | D:7      | Noticed a two-headed ogre
  5687 | D:7      | Killed a two-headed ogre
  5688 | D:7      | Reached skill level 9 in Unarmed Combat
  6177 | D:7      | Reached skill level 1 in Crossbows
  6499 | D:7      | Found a burning altar of Makhleb.
  6705 | D:7      | Noticed a troll
  6715 | D:7      | Killed a troll
  6716 | D:7      | Reached XP level 10. HP: 45/98 MP: 9/9
  6850 | D:8      | Noticed Maurice
  6851 | D:8      | Paralysed by Maurice for 7 turns
  6924 | D:8      | Noticed a two-headed ogre
  7183 | D:8      | Found a shimmering altar of Xom.
  7185 | D:8      | Found a hazy altar of Hepliaklqana.
  7222 | D:8      | Found a shimmering blue altar of Sif Muna.
  7243 | D:8      | Gained mutation: Your muscles are strong. (Str +2)
                  | [evolution]
  7414 | D:8      | Paralysed by Maurice for 3 turns
  7522 | D:8      | Noticed a two-headed ogre
  7547 | D:8      | Found a staircase to the Lair.
  7581 | D:8      | Killed a two-headed ogre
  7582 | D:8      | Reached skill level 10 in Unarmed Combat
  7739 | D:8      | Killed a two-headed ogre
  8004 | D:8      | Reached skill level 5 in Dodging
  8014 | D:8      | Reached ***** piety under Wu Jian
  8233 | D:8      | Killed Maurice
  8654 | D:8      | Found an opulent altar of Gozag.
  8809 | D:9      | Learned a level 1 spell: Apportation
  8811 | D:9      | Learned a level 1 spell: Summon Small Mammal
  8813 | D:9      | Learned a level 1 spell: Animate Skeleton
  9058 | D:9      | Found a shadowy altar of Dithmenos.
  9654 | D:10     | Entered Level 10 of the Dungeon
  9708 | D:10     | Reached skill level 11 in Unarmed Combat
  9731 | D:10     | Gained mutation: You have a pair of small horns on your
                  | head. [evolution]
  9864 | D:10     | Noticed Erica
  9890 | D:10     | HP: 2/100 [something/lance of force (21)]
  9891 | D:10     | Killed from afar by Erica

Illustrated notes

Levels and vault maps discovered:
D:1:      scummos_arrival_checkerplants, layout_basic, minmay_pentomino_x4
D:2:      layout_basic
D:3:      layout_rooms, nzn_wu_jian_council_hall, lightli_sewer_entry_pipes
D:4:      old_forge, layout_basic, glass_columns_c, uniq_grinder
D:5:      layout_gridville, zin_angel, kennysheep_mini_moat, temple_statues,
          serial_shops, shop, gammafunk_ghost_hive
D:6:      layout_loops_ring, nemelex_xobeh_ov_fountains_minmay,
          hangedman_decor_growths, kennysheep_generic_room_6, uniq_menkaure
D:7:      layout_loops_corners, lightli_temple_of_fire
D:8:      layout_basic, regret_index_temple_of_mockery,
          nicolae_gozag_seed_capital, lemuel_coloured_pillars_altar,
          lair_entry_dummy, enter_bailey_3, roderic_lattice_a, uniq_maurice
D:9:      layout_irregular_city, nicolae_dithmenos_the_darkroom
D:10:     minmay_four_partial_circles, layout_loops_ring,
          gammafunk_ghost_nasty_kobolds, ashenzari_altar_1, uniq_erica

Skill      XL: |  1  2  3  4  5  6  7  8  9 10 |
---------------+-------------------------------+-----
Fighting       | 3 4 5 6 |  6.9
Dodging        | 3 4 5 |  5.2
Unarmed Combat | 4 5 6 8 9 11 | 11.1
Stealth        | 2 3 4 |  4.3
Throwing       | 2 3 |  3.6
Crossbows      | 1 |  1.7
Maces & Flails | |  0.6
Evocations     | |  0.1

Action                   |  1- 3 |  4- 6 |  7- 9 | 10-12 || total
-------------------------+-------+-------+-------+-------++-------
Melee: Unarmed           |    50 |   154 |   263 |   179 ||   646
       Punch             |     3 |     1 |    11 |     9 ||    24
       Kick              |     2 |    29 |    72 |    45 ||   148
       Giant spiked club |       |       |     4 |       ||     4
       Dagger            |       |       |     2 |       ||     2
       Hand crossbow     |       |       |       |     2 ||     2
       Headbutt          |       |       |       |     2 ||     2
 Fire: Hand crossbow     |       |       |    17 |     5 ||    22
Throw: Stone             |       |       |    44 |     6 ||    50
       Javelin           |       |       |    18 |     6 ||    24
       Dart              |       |       |       |     8 ||     8
       Boomerang         |       |       |       |     1 ||     1
Invok: Lunge             |       |     7 |    40 |    16 ||    63
       Whirlwind         |       |     1 |    11 |    18 ||    30
       Serpent's Lash    |       |       |     1 |       ||     1
 Abil: Wall Jump         |       |     1 |     7 |     2 ||    10
  Use: Potion            |     5 |     5 |     2 |     4 ||    16
       Scroll            |     3 |     3 |     4 |     6 ||    16
 Stab: Sleeping          |     1 |     5 |    17 |     4 ||    27
       Distracted        |       |     1 |       |       ||     1
       Held in net/web   |       |       |     1 |       ||     1
Armor: Robe              |    18 |    38 |    46 |    36 ||   138
Dodge: Dodged            |    12 |    74 |    91 |    91 ||   268
